 Dungeon Crawl Stone Soup version 0.25-a0-290-g4a1327ee3a (webtiles) character file.

Game seed: 11564583205905041631, levelgen mode: deterministic

133019 Barrydekale the Transmogrifier (level 16, -4/112 HPs)
             Began as a Demonspawn Transmuter on Dec 8, 2019.
             Was the Champion of Hepliaklqana.
             Killed from afar by a nagaraja (17 damage)
             ... with a poison arrow
             ... on level 4 of the Snake Pit on Dec 14, 2019.
             The game lasted 02:58:26 (47207 turns).

Barrydekale the Transmogrifier (DsTm)              Turns: 47207, Time: 02:58:26

Health: -4/112     AC: 24    Str: 21    XL:     16   Next: 58%
Magic:  26/43      EV: 15    Int: 24    God:    Hepliaklqana [******]
Gold:   1438       SH:  0    Dex: 11    Spells: 10/27 levels left

rFire    + . .     SeeInvis +     - Unarmed
rCold    + + .     Gourm    +   (shield currently unavailable)
rNeg     + . .     Faith    .   n - +2 scale mail "Xacyhax" {rC+ rN+ MR+}
rPois    +         Spirit   .   Q - +2 hat {SInv}
rElec    +         Reflect  .   I - scarf {rC+ rF+}
rCorr    .         Harm     .   (gloves currently unavailable)
MR       ++...                  G - +2 pair of boots
Stlth    ++++......             T - amulet of the gourmand
HPRegen  0.28/turn              X - ring "Faadit" {rPois MP+9 Int+3}
MPRegen  0.28/turn              Y - ring of Laimuon {*Drain rElec MP+9 Str+10 Dex-3}

@: lethally poisoned (-4 -> -6), blade hands, sanguine armour
A: reduced essence, antennae 2, demonic guardian 2, nightstalker 3, sanguine
armour 2
a: End Transformation, Recall Ancestor, Ancestor Identity, Transference,
Idealise, Renounce Religion


You were on level 4 of the Snake Pit.
You worshipped Hepliaklqana.
Hepliaklqana was exalted by your worship.
You were very hungry.
You had blades for hands.
You visited 5 branches of the dungeon, and saw 28 of its levels.
You also visited: Sewer and Ice Cave.

You collected 2925 gold pieces.
You spent 1487 gold pieces at shops.

Inventory:

Missiles
 a - 424 arrows
 e - 8 javelins (quivered)
Armour
 n - the +2 scale mail "Xacyhax" (worn) {rC+ rN+ MR+}
   (You found it on level 3 of the Snake Pit)

   It protects you from cold.
   It protects you from negative energy.
   It affects your resistance to hostile enchantments.
 z - a +3 buckler (melded)
 E - a +3 leather armour of positive energy
 G - a +2 pair of boots (worn)
 H - the +4 chain mail "Monan" {rCorr Dex+4 Slay+2}
   (You found it on level 6 of the Dungeon)

   It affects your dexterity (+4).
   It affects your accuracy and damage with ranged weapons and melee attacks
   (+2).
   It provides partial protection from all sources of acid and corrosion.
 I - a scarf of resistance (worn)
 Q - a +2 hat of see invisible (worn)
Jewellery
 b - an uncursed ring of wizardry
 h - an uncursed ring of resist corrosion {unknown}
 m - an uncursed ring of protection from fire
 T - an amulet of the gourmand (around neck)
 X - the ring "Faadit" (left scythe-like blade) {rPois MP+9 Int+3}
   (You bought it in a shop on level 14 of the Dungeon)

   [ring of poison resistance]

   It affects your intelligence (+3).
   It protects you from poison.
   It affects your magic capacity (+9).
 Y - the ring of Laimuon (right scythe-like blade) {*Drain rElec MP+9 Str+10 Dex-3}
   (You bought it in a shop on level 14 of the Dungeon)

   [ring of magical power]

   It affects your strength (+10).
   It affects your dexterity (-3).
   It insulates you from electricity.
   It affects your magic capacity (+9).
   It causes draining when unequipped.
Wands
 j - a wand of random effects (84)
 v - a wand of clouds (3)
 A - a wand of iceblast (14)
 D - a wand of paralysis (14)
 F - a wand of polymorph (7)
 N - a wand of digging (5)
 R - a wand of flame (21)
Scrolls
 g - 5 scrolls of amnesia
 k - 4 scrolls of enchant armour
 l - 8 scrolls of blinking
 o - 7 scrolls of remove curse
 p - 8 scrolls of teleportation
 r - 6 scrolls of magic mapping
 y - 4 scrolls of immolation
 C - 8 scrolls of enchant weapon
 J - 2 scrolls of silence
 K - 6 scrolls of identify
 O - a scroll of fog
 P - a scroll of fear
 U - 2 scrolls of vulnerability
 Z - a scroll of brand weapon
Potions
 c - 3 potions of lignification
 f - a potion of might
 i - 10 potions of curing
 q - 3 potions of heal wounds
 s - 3 potions of resistance
 t - 6 potions of ambrosia
 w - 5 potions of flight
 x - 5 potions of haste
 L - 2 potions of invisibility
 M - 6 potions of mutation
 S - a potion of magic
 V - a potion of cancellation
 W - a potion of brilliance
Miscellaneous
 B - a phial of floods (inert)
Comestibles
 d - 48 rations


   Skills:
 - Level 11.0 Fighting
   Level 3.0 Slings
 - Level 7.0 Armour
 - Level 11.0 Dodging
 - Level 5.1 Stealth
 - Level 4.0 Shields
 - Level 12.0 Unarmed Combat
 - Level 6.0 Spellcasting
 - Level 5.0 Charms
 - Level 7.0 Necromancy
 - Level 5.0 Translocations
 + Level 13.7 Transmutations
 - Level 6.0 Invocations
 - Level 5.0 Evocations


You had 10 spell levels left.
You knew the following spells:

 Your Spells              Type           Power        Failure   Level  Hunger
a - Blade Hands           Tmut           ######....   21%         5    #####..
b - Sticks to Snakes      Tmut           ######..     7%          2    None
c - Blink                 Tloc           N/A          28%         2    None
d - Regeneration          Chrm/Necr      #####.....   32%         3    #......
e - Animate Dead          Necr           N/A          47%         4    ###....
f - Beastly Appendage     Tmut           ######       6%          1    None

Your spell library contained the following spells:

 Spells                   Type           Power        Failure   Level  Hunger
 Animate Skeleton         Necr           N/A          16%         1    None
 Pain                     Necr           ####         16%         1    None
 Vampiric Draining        Necr           #####.....   26%         3    #......
 Spider Form              Tmut/Pois      #####.....   28%         3    #......
 Ice Form                 Ice/Tmut       #####...     50%         4    ###....
 Freeze                   Ice            #...         61%         1    None
 Magic Dart               Conj           #...         61%         1    None
 Ozocubu's Armour         Chrm/Ice       ###.....     63%         3    #......
 Call Imp                 Summ           #.......     71%         2    None
 Slow                     Hex            #.......     71%         2    None
 Conjure Flame            Conj/Fire      #.......     87%         3    #......
 Mephitic Cloud           Conj/Pois/Air  #.......     87%         3    #......
 Hailstorm                Conj/Ice       #.......     99%         4    ###....
 Summon Ice Beast         Ice/Summ       #.......     99%         4    ###....
 Iskenderun's Battlesphe  Conj/Chrm      ###.....     99%         5    #####..
 Bolt of Magma            Conj/Fire/Erth #.........   100%        5    #####..
 Iron Shot                Conj/Erth      #.........   100%        6    ######.
 Orb of Destruction       Conj           #.........   100%        7    #######
 Spellforged Servitor     Conj/Summ      #.........   100%        7    #######


Dungeon Overview and Level Annotations

Branches:
Dungeon (15/15)            Temple (1/1) D:4            Lair (6/6) D:11
  Swamp (0/4) Lair:2        Snake (4/4) Lair:2        Slime (0/5) Lair:6
    Orc (2/2) D:11            Elf (0/3) Orc:2        Vaults (0/5) D:14
 Depths (0/5) D:15          Sewer (visited)           IceCv (visited)

Altars:
Ashenzari
Cheibriados
Dithmenos
Elyvilon
Fedhas
Gozag
Hepliaklqana
Kikubaaqudgha
Makhleb
Nemelex Xobeh
Okawaru
Qazlal
Ru
Sif Muna
Trog
Uskayaw
Vehumet
Wu Jian
Xom
Yredelemnul
Zin
The Shining One
Beogh
Jiyva

Shops:
D:13 :   D:14 !*   Orc:2 *((*

Annotations:
D:4 3 runed translucent doors, floatRand's ghost, amateur DsGl
Lair:1 exclusion: oklob plant
Lair:4 2 transporters, Jefobbuiso's ghost, journeyman DsWn


Innate Abilities, Weirdness & Mutations

You have a pair of antennae on your head.
A demonic guardian rushes to your aid.
You are completely attuned to the shadows.
When seriously injured, your bleeding wounds create thick armour. (AC +9)
Your life essence is reduced to manifest your ancestor. (-10% HP)


Message History

The naga mage grabs your water moccasin.
The naga mage constricts your water moccasin.
Your water moccasin closely misses the nagaraja.
Your water moccasin bites the nagaraja but does no damage.
The naga mage hits your water moccasin with a +0 whip!
The naga mage constricts your water moccasin.
Annie hits the naga mage with a +0 dagger of draining.
The naga mage dies!
The nagaraja barely misses you.
Your water moccasin barely misses the nagaraja.
The naga ritualist gestures at you while chanting.
The lance of force hits your water moccasin!!
Your water moccasin dies!
Your water moccasin bites the nagaraja!
The nagaraja gestures at you while chanting.
The poison arrow misses your water moccasin.
The poison arrow hits you!
You are poisoned.
You partially resist.
You die...

#########
#.##....#
###.##....#
#3S)......#
##.SR.#...##
#..N..###..# #####
#@SNNN.....###...#
#...#..#....##...#
######...........#
#...###)..)SS
#.......#..SN
#...#..)####.
#####.....###
#.......#
####S##.#


You could see the friendly Annie the hexer, a naga warrior, a nagaraja, a naga
ritualist, a naga mage, a friendly soul eater, a friendly water moccasin and 2
friendly adders.

Vanquished Creatures
  2 nagarajas
  Josephine (D:15)
  A fire dragon (Lair:6)
  8 naga warriors
  8 anacondas
  2 hydras
  An ice dragon (Orc:1)
  A catoblepas (D:13)
  3 death yaks
  2 two-headed ogres
  A vampire mage (D:15)
  4 orc high priests
  4 shock serpents
  8 naga sharpshooters
  A skeletal warrior (D:15)
  4 unseen horrors
  An unseen horror (shapeshifter) (D:14)
  2 naga ritualists (Snake:1)
  A lindwurm (Lair:5)
  A harpy (shapeshifter) (D:14)
  2 orc knights
  10 mana vipers
  2 wolf spider zombies
  3 orc sorcerers
  2 necromancers
  7 salamanders
  A fire giant zombie (D:15)
  A cyclops (D:14)
  4 ice statues (IceCv)
  4 manticores
  An elephant (Lair:4)
  19 black mambas
  4 guardian serpents
  Psyche (D:8)
  14 naga magi
  2 komodo dragons
  A spiny frog (shapeshifter) (D:15)
  2 gargoyles
  3 spiny frogs
  A yaktaur zombie (D:15)
  2 rime drakes
  An efreet (D:15)
  6 ice devils (IceCv)
  5 trolls
  Grinder (D:3)
  6 polar bears
  A harpy skeleton (D:15)
  A raiju (Lair:6)
  A meliai zombie (D:12)
  10 hippogriffs
  6 slime creatures
  A dream sheep (Lair:6)
  A shadow (D:14)
  A spriggan (shapeshifter) (D:15)
  4 wraiths
  A wyvern (Lair:3)
  27 yaks
  2 centaur simulacra
  5 basilisks
  A vampire (D:10)
  A steam dragon (Lair:6)
  3 hungry ghosts
  4 insubstantial wisps (Lair:2)
  10 wargs
  A soldier ant (D:15)
  An acid dragon (D:14)
  20 nagas
  11 hell hounds (Lair:6)
  7 water moccasins
  3 porcupines
  9 black bears
  A swamp drake (Lair:6)
  3 ice beasts
  5 sky beasts
  14 orc warriors
  6 phantoms
  15 wolves
  3 ogres
  7 centaurs
  An eye of draining (D:14)
  8 crocodiles
  3 big kobolds
  17 bullfrogs
  A gnoll sergeant (D:11)
  A scorpion (D:9)
  3 hexers
  3 killer bees (D:9)
  A troll zombie (D:11)
  10 wights
  4 howler monkeys
  A draconian simulacrum (IceCv)
  5 crimson imps
  A centaur zombie (D:7)
  A quasit (D:12)
  4 bullfrog zombies
  4 centaur skeletons
  2 hounds (D:11)
  4 jellies
  3 bullfrog skeletons
  35 orc priests
  10 orc wizards
  4 iguanas
  8 worker ants
  3 troll simulacra (IceCv)
  2 ogre zombies (D:11)
  A hound skeleton (D:8)
  2 worker ant zombies
  A howler monkey skeleton (D:9)
  Robin (D:3)
  15 gnolls
  11 adders
  3 naga simulacra (IceCv)
  2 ogre simulacra (IceCv)
  3 shadow imps
  10 oozes
  3 adder skeletons
  5 worms
  16 leopard geckos
  103 orcs
  15 giant cockroaches
  16 goblins
  9 hobgoblins
  20 jackals
  5 quokkas
  9 ball pythons
  5 bats
  8 frilled lizards
  2 goblin skeletons (D:11)
  2 goblin zombies (D:11)
  2 hobgoblin zombies (D:11)
  A jackal skeleton (D:4)
  19 kobolds
  A leopard gecko zombie (D:8)
  3 orc skeletons (D:11)
  9 orc zombies (D:11)
  A quokka zombie (D:7)
  10 rats
799 creatures vanquished.

Vanquished Creatures (collateral kills)
  Gastronok (Lair:3)
  A nagaraja (Snake:2)
  An orc warlord (Orc:1)
  A vault guard (D:14)
  3 naga warriors (Snake:2)
  4 hydras
  A centaur warrior (D:13)
  A catoblepas (D:14)
  2 anacondas
  A two-headed ogre (D:9)
  9 death yaks
  2 shock serpents
  2 orc high priests (Orc:2)
  2 naga sharpshooters (Snake:2)
  A skeletal warrior (D:15)
  A swamp dragon (Lair:6)
  A lindwurm (Lair:3)
  A naga ritualist (Snake:3)
  An iron dragon zombie (D:15)
  An ugly thing (D:10)
  2 mana vipers
  10 elephants
  2 manticores
  2 salamanders
  A centaur zombie (D:14)
  4 black mambas
  7 naga magi
  2 guardian serpents (Snake:2)
  A centaur skeleton (D:13)
  A gargoyle (D:10)
  2 rime drakes
  2 komodo dragons (Lair:3)
  5 spiny frogs
  A kobold demonologist (D:12)
  A troll (D:8)
  A tengu conjurer (D:13)
  7 polar bears (Lair:6)
  4 hippogriffs
  A raiju (Lair:6)
  3 slime creatures
  A wraith (D:15)
  A shadow (D:14)
  A human (D:14)
  3 basilisks
  15 yaks
  A golden eye (shapeshifter) (D:14)
  A yak (shapeshifter) (D:13)
  A steam dragon (Lair:6)
  8 nagas
  4 wargs
  2 insubstantial wisps (Lair:2)
  3 acid dragons
  5 water moccasins
  2 hell hounds (Lair:6)
  3 porcupines
  2 sky beasts
  A black bear (shapeshifter) (D:13)
  6 orc warriors
  3 ogres
  3 black bears (Lair:6)
  A phantom (D:11)
  12 wolves
  A centaur (D:7)
  4 crocodiles
  A yaktaur zombie (D:15)
  A big kobold (D:9)
  11 bullfrogs
  A scorpion (D:4)
  2 killer bees (D:9)
  2 bullfrog zombies
  A crimson imp (D:12)
  A bullfrog skeleton (D:6)
  6 orc priests
  3 orc wizards
  A worker ant (D:9)
  3 ogre zombies (D:11)
  2 gnolls
  2 adders
  A shadow imp (D:6)
  4 oozes (Sewer)
  A leopard gecko (Sewer)
  24 orcs
  3 giant cockroaches (Sewer)
  A jackal (D:6)
  A quokka (D:5)
  3 ball pythons (Sewer)
  3 frilled lizards
  A hobgoblin skeleton (D:11)
  6 kobolds
  A fungus (Lair:3)
266 creatures vanquished.

Vanquished Creatures (others)
  A naga (Snake:4)
  45 hexers
  An ancestor (D:6)
  6 fungi
  14 plants
  4 withered plants (D:15)
71 creatures vanquished.

Grand Total: 1136 creatures vanquished

Notes
Turn   | Place    | Note
-------+----------+-------------------------------------------
     0 | D:1      | Barrydekale the Demonspawn Transmuter began the quest for
                  | the Orb.
     0 | D:1      | Reached XP level 1. HP: 15/15 MP: 3/3
    54 | D:1      | Reached skill level 2 in Transmutations
   297 | D:1      | Gained mutation: A weak demonic guardian rushes to your
                  | aid. [demonic ancestry]
   297 | D:1      | Reached XP level 2. HP: 21/21 MP: 5/5
   864 | D:1      | Gained mutation: You have a pair of small antennae on your
                  | head. [demonic ancestry]
   864 | D:1      | Reached XP level 3. HP: 13/26 MP: 4/6
  1906 | D:1      | Learned a level 2 spell: Sticks to Snakes
  2528 | D:2      | Reached skill level 3 in Transmutations
  2813 | D:2      | Gained mutation: You are slightly more attuned to the
                  | shadows. [demonic ancestry]
  2813 | D:2      | Reached XP level 4. HP: 26/32 MP: 7/7
  3410 | D:2      | HP: 1/32 [poisoned by a kobold]
  4160 | D:3      | Reached XP level 5. HP: 34/37 MP: 8/8
  4216 | D:3      | Reached skill level 1 in Stealth
  4423 | D:3      | Noticed Grinder
  4468 | D:3      | Noticed Robin
  4504 | D:2      | Reached skill level 1 in Armour
  5462 | D:3      | Killed Robin
  5699 | D:3      | Paralysed by Grinder for 7 turns
  5713 | D:3      | Killed Grinder
  5713 | D:3      | Reached XP level 6. HP: 39/43 MP: 9/9
  6406 | D:4      | Found a staircase to the Ecumenical Temple.
  6418 | Temple   | Entered the Ecumenical Temple
  6434 | Temple   | Upgraded the game from 0.25-a0-265-g7af84ae0ac to
                  | 0.25-a0-277-g7046ed1b37
  6445 | Temple   | Became a worshipper of Hepliaklqana the Forgotten
  6482 | D:4      | Found a runed translucent gate.
  6483 | D:4      | Found a runed translucent gate.
  6484 | D:4      | Found a runed translucent gate.
  6485 | D:4      | Noticed floatRand's ghost (amateur DsGl)
  6526 | D:4      | Found a glowing drain.
  6529 | D:4      | Gained mutation: A demonic guardian rushes to your aid.
                  | [demonic ancestry]
  6529 | D:4      | Reached XP level 7. HP: 43/43 MP: 10/10
  6565 | Sewer    | Entered a sewer
  6785 | Sewer    | Reached skill level 5 in Unarmed Combat
  7110 | Sewer    | Reached skill level 4 in Transmutations
  7137 | Sewer    | Upgraded the game from 0.25-a0-277-g7046ed1b37 to
                  | 0.25-a0-280-gfa4545f159
  7793 | D:5      | Entered Level 5 of the Dungeon
  7879 | D:5      | Reached * piety under Hepliaklqana
  8015 | D:5      | Found a stormy altar of Qazlal.
  8015 | D:5      | Found a hide-covered altar of Uskayaw.
  8016 | D:5      | Found a shimmering altar of Xom.
  8391 | D:6      | Gained mutation: You are significantly more attuned to the
                  | shadows. [demonic ancestry]
  8391 | D:6      | Reached XP level 8. HP: 47/50 MP: 11/11
  8468 | D:6      | Got a pitted chain mail
  8479 | D:6      | Identified the +4 chain mail "Monan" {rCorr Dex+4 Slay+2}
                  | (You found it on level 6 of the Dungeon)
  9820 | D:7      | Reached XP level 9. HP: 58/58 MP: 12/12
  9856 | D:7      | Reached ** piety under Hepliaklqana
  9857 | D:7      | Remembered your ancestor Annie as a hexer
  9887 | D:7      | Reached skill level 5 in Dodging
 10016 | D:7      | Reached skill level 5 in Stealth
 10436 | D:7      | Reached skill level 5 in Transmutations
 10887 | D:8      | Found a glowing golden altar of the Shining One.
 10912 | D:8      | Noticed a troll
 10914 | D:8      | Reached skill level 1 in Shields
 10919 | D:8      | Killed a troll
 10919 | D:8      | Reached skill level 6 in Transmutations
 11432 | D:8      | Reached skill level 7 in Transmutations
 11590 | D:8      | Gained mutation: You are completely attuned to the shadows.
                  | [demonic ancestry]
 11590 | D:8      | Reached XP level 10. HP: 63/63 MP: 13/13
 11686 | D:8      | Noticed Psyche
 11810 | D:8      | Killed Psyche
 12132 | D:9      | Noticed a two-headed ogre
 12136 | D:9      | Killed a two-headed ogre
 12136 | D:9      | Reached skill level 8 in Transmutations
 12333 | D:9      | Reached skill level 9 in Transmutations
 12909 | D:10     | Entered Level 10 of the Dungeon
 12925 | D:10     | Reached *** piety under Hepliaklqana
 13172 | D:10     | Noticed a purple ugly thing
 13182 | D:10     | Killed a purple ugly thing
 13234 | D:10     | Noticed a gargoyle
 13238 | D:10     | Killed a gargoyle
 13238 | D:10     | Reached skill level 10 in Transmutations
 13967 | D:11     | Noticed a death yak
 13970 | D:11     | Noticed a death yak
 13971 | D:11     | Noticed a death yak
 13972 | D:11     | Noticed a death yak
 13973 | D:11     | Noticed a death yak
 13976 | D:11     | Noticed a death yak
 14009 | D:10     | Killed a death yak
 14009 | D:10     | Gained mutation: When seriously injured, your bleeding
                  | wounds create armour. (AC +9) [demonic ancestry]
 14009 | D:10     | Reached XP level 11. HP: 29/69 MP: 13/15
 14218 | D:11     | Killed a death yak
 14226 | D:11     | Killed a death yak
 14226 | D:11     | Reached skill level 11 in Transmutations
 15130 | D:11     | Found a staircase to the Lair.
 15134 | D:11     | Noticed a death yak
 15156 | D:11     | Killed a death yak
 15160 | D:11     | Killed a death yak
 15171 | D:11     | Killed a death yak
 15211 | D:11     | Killed a death yak
 15464 | D:11     | Reached skill level 5 in Spellcasting
 15732 | D:11     | Found a staircase to the Orcish Mines.
 16942 | D:11     | Learned a level 2 spell: Blink
 16946 | D:11     | Learned a level 3 spell: Regeneration
 16947 | Lair:1   | Entered Level 1 of the Lair of Beasts
 17296 | Lair:1   | Noticed an oklob plant
 17306 | Lair:1   | Reached skill level 12 in Transmutations
 17615 | Lair:1   | Reached **** piety under Hepliaklqana
 18194 | Lair:2   | Found a staircase to the Snake Pit.
 18269 | Lair:2   | Reached XP level 12. HP: 49/75 MP: 18/21
 18282 | Lair:2   | Noticed an eight-headed hydra
 18538 | Lair:2   | Reached skill level 1 in Translocations
 19170 | Lair:2   | Found a staircase to the Swamp.
 19346 | Lair:2   | Reached ***** piety under Hepliaklqana
 19591 | Lair:2   | Killed an eight-headed hydra
 19811 | Lair:3   | Reached skill level 5 in Translocations
 19835 | Lair:3   | Reached skill level 1 in Necromancy
 19908 | Lair:3   | Reached skill level 1 in Charms
 20500 | Lair:3   | Noticed Gastronok
 20509 | Lair:3   | Killed Gastronok
 20660 | Lair:3   | Reached skill level 5 in Necromancy
 20927 | Lair:3   | Noticed a six-headed hydra
 20931 | Lair:3   | Killed a six-headed hydra
 21008 | Lair:3   | Noticed a six-headed hydra
 21015 | Lair:3   | Killed a six-headed hydra
 21593 | Lair:4   | Reached skill level 5 in Fighting
 21978 | Lair:4   | Found a transporter.
 21979 | Lair:4   | Found a transporter.
 21980 | Lair:4   | Noticed Jefobbuiso's ghost (journeyman DsWn)
 22038 | Lair:4   | Reached skill level 5 in Armour
 22038 | Lair:4   | Gained mutation: You have a pair of antennae on your head.
                  | [demonic ancestry]
 22038 | Lair:4   | Reached XP level 13. HP: 81/81 MP: 22/22
 23391 | Lair:5   | You fall into a shaft and drop 1 floor!
 23391 | Lair:6   | Entered Level 6 of the Lair of Beasts
 23779 | Lair:5   | Reached ****** piety under Hepliaklqana
 23819 | Lair:5   | Found a stormy altar of Qazlal.
 24395 | Lair:6   | Learned a level 4 spell: Animate Dead
 24685 | Lair:6   | Noticed a fire dragon
 24889 | Lair:6   | Found a staircase to the Slime Pits.
 24889 | Lair:6   | Found a viscous altar of Jiyva.
 27539 | Lair:6   | Killed a fire dragon
 27619 | Lair:6   | Learned a level 5 spell: Blade Hands
 28224 | D:12     | Reached XP level 14. HP: 45/93 MP: 9/23
 28305 | D:12     | Reached skill level 1 in Invocations
 30228 | D:13     | Found Yselaal's Book Emporium.
 30681 | D:14     | Upgraded the game from 0.25-a0-280-gfa4545f159 to
                  | 0.25-a0-285-gcba6f664f8
 30745 | D:14     | Reached skill level 5 in Invocations
 31964 | D:14     | Found a gate to the Vaults.
 32011 | D:14     | Found Plog's Distillery.
 32014 | D:14     | Bought a potion of cancellation for 136 gold pieces
 32014 | D:14     | Bought a potion of heal wounds for 85 gold pieces
 32014 | D:14     | Bought a potion of brilliance for 68 gold pieces
 32014 | D:14     | Bought a potion of curing for 51 gold pieces
 32014 | D:14     | Bought a potion of curing for 51 gold pieces
 32014 | D:14     | Bought a potion of invisibility for 136 gold pieces
 32014 | D:14     | Bought a potion of curing for 51 gold pieces
 32366 | D:14     | Found Jup Peb's Antique Artefacts.
 32373 | D:14     | Bought a transparent platinum ring for 190 gold pieces
 32373 | D:14     | Bought an ancient silver ring for 190 gold pieces
 32373 | D:14     | Bought a thick robe for 216 gold pieces
 32383 | D:14     | Identified the cursed +0 robe "Awkaapolot" {MP+9} (You
                  | bought it in a shop on level 14 of the Dungeon)
 32384 | D:14     | Identified the ring "Faadit" {rPois MP+9 Int+3} (You bought
                  | it in a shop on level 14 of the Dungeon)
 32386 | D:14     | Identified the ring of Laimuon {*Drain rElec MP+9 Str+10
                  | Dex-3} (You bought it in a shop on level 14 of the Dungeon)
 32648 | D:15     | Entered Level 15 of the Dungeon
 32911 | D:15     | Reached skill level 10 in Unarmed Combat
 33102 | D:15     | Noticed Josephine
 33110 | D:15     | Killed Josephine
 33738 | D:15     | Found a staircase to the Depths.
 34576 | Orc:1    | Entered Level 1 of the Orcish Mines
 34662 | Orc:1    | Gained mutation: When seriously injured, your bleeding
                  | wounds create thick armour. (AC +9) [demonic ancestry]
 34662 | Orc:1    | Reached XP level 15. HP: 63/100 MP: 24/24
 34689 | Orc:1    | Reached skill level 1 in Evocations
 34698 | Orc:1    | Found a frozen archway.
 34787 | IceCv    | Entered an ice cave
 35457 | IceCv    | Reached skill level 13 in Transmutations
 35967 | Orc:2    | Entered Level 2 of the Orcish Mines
 36066 | Orc:2    | Found a staircase to the Elven Halls.
 36294 | Orc:1    | Found a roughly hewn altar of Beogh.
 36393 | Orc:1    | Noticed an orc warlord
 36455 | Orc:1    | Killed an orc warlord
 37664 | Orc:2    | Found Odwur's Weapon Boutique.
 37694 | Orc:2    | Found a roughly hewn altar of Beogh.
 37922 | Orc:2    | Found Ketiez's Assorted Antiques.
 37933 | Orc:2    | Bought a scroll of blinking for 247 gold pieces
 37933 | Orc:2    | Bought a scroll labeled HEBBUN BUCREUP for 33 gold pieces
 37933 | Orc:2    | Bought a scroll labeled EBOADO ZUCYD for 33 gold pieces
 38079 | Orc:2    | Found Deblos's General Store.
 38155 | Orc:2    | Found Fiaxoiz's Antique Weapon Emporium.
 38587 | Orc:2    | Upgraded the game from 0.25-a0-285-gcba6f664f8 to
                  | 0.25-a0-290-g4a1327ee3a
 38694 | Snake:1  | Entered Level 1 of the Snake Pit
 40084 | Snake:1  | Reached skill level 10 in Fighting
 40617 | Snake:2  | Noticed a nagaraja
 41296 | Snake:2  | Killed a nagaraja
 41308 | Snake:2  | Reached skill level 5 in Evocations
 42167 | Snake:2  | Reached skill level 10 in Dodging
 43200 | Snake:2  | Reached XP level 16. HP: 56/111 MP: 25/25
 44495 | Snake:3  | Got a bloodstained scale mail
 44497 | Snake:3  | Identified the +2 scale mail "Xacyhax" {rC+ rN+ MR+} (You
                  | found it on level 3 of the Snake Pit)
 44794 | Snake:3  | Reached skill level 5 in Charms
 45861 | Snake:4  | Entered Level 4 of the Snake Pit
 47207 | Snake:4  | Killed from afar by a nagaraja

Levels and vault maps discovered:
D:1:      dpeg_arrival_round_c, layout_basic, minmay_hexomino_f4
D:2:      layout_loops_corners, eino_tiny_chamber
D:3:      layout_rooms, serial_aquarium, aquarium_bridge_long_joined
          [aquarium_subvault_bridge, aquarium_subvault_bridge,
          aquarium_subvault_window, aquarium_subvault_bridge,
          aquarium_subvault_balcony, aquarium_subvault_balcony],
          aquarium_window_fake, aquarium_window_fake, aquarium_view_2c,
          uniq_grinder, uniq_robin
D:4:      layout_gridville, minmay_temple_entry_junction, gup_sewer_entry_glass,
          first_ration, ebering_ghost_rock_garden
D:5:      layout_basic, gammafunk_temple_overflow_claw
D:6:      layout_gridville
D:7:      layout_loops_ring, kennysheep_dice
D:8:      layout_loops_ring, lemuel_crystal_altar, grunt_ministairs_1,
          uniq_psyche
D:9:      layout_layer_cave
D:10:     layout_loops_ring, special_room [special_room_orc]
D:11:     layout_loops_ring, dpeg_lair_monsters, zombieorc1_lemuel
D:12:     layout_basic
D:13:     layout_cave_pools, serial_shops, shop
D:14:     layout_stronghold, david_vaults_5, serial_shops, kennysheep_mini_moat,
          grunt_livestock, serial_bayou_pond_c, nicolae_antique_artefacts,
          grunt_ministairs_13, drop_trap, roderic_filled_cross
D:15:     gammafunk_depths_entry_grave, layout_loops_ring, minivault_26,
          roderic_st_hans_cross, uniq_josephine
Temple:   nicolae_temple_no_exploring_needed
Lair:1:   layout_gridlike, serial_bayou_shore_b, minmay_lair_oklob_chamber
Lair:2:   layout_small_grid, minmay_swamp_entry_wisps, dummy_snake_entry,
          lemuel_fruit_tree, infiniplex_staircase_pool
Lair:3:   layout_long_grid, grunt_megastairs_3, uniq_gastronok
Lair:4:   layout_layer_cave, gammafunk_ghost_hive, minmay_hedge_maze,
          chequers_serial_rivers_marsh
Lair:5:   layout_long_grid, basic_altar
Lair:6:   hangedman_lair_caniforms_friends, layout_concentric_octagons,
          guppyfry_lair_end_dragon, slime_altar_1
Snake:1:  layout_onion
Snake:2:  nicolae_snakescales, layout_cave_shapes,
          chequers_hall_statues_corner_a
Snake:3:  layout_basic
Snake:4:  snake_pit, layout_misc_corridors, nicolae_alphabet_shops
Orc:1:    layout_caves, portal_ice_cave_entry_animals_and_master, mines2_david
Orc:2:    st_orc_town, layout_caves

Skill      XL: |  1  2  3  4  5  6  7  8  9 10 11 12 13 14 15 16 |
---------------+-------------------------------------------------+-----
Transmutations | 2 3 4 7 10 12 13 | 13.7
Unarmed Combat | 3 4 5 6 8 10 11 12 | 12.0
Dodging        | 2 3 4 5 7 8 10 11 | 11.0
Stealth        | 1 2 4 5 |  5.1
Armour         | 1 2 4 5 7 |  7.0
Slings         | 2 3 |  3.0
Fighting       | 4 5 7 8 10 11 | 11.0
Shields        | 3 4 |  4.0
Spellcasting   | 6 |  6.0
Translocations | 5 |  5.0
Necromancy     | 5 6 7 |  7.0
Charms         | 4 5 |  5.0
Invocations    | 6 |  6.0
Evocations     | 5 |  5.0

Action                   |  1- 3 |  4- 6 |  7- 9 | 10-12 | 13-15 | 16-18 || total
-------------------------+-------+-------+-------+-------+-------+-------++-------
Melee: Unarmed           |   129 |   106 |     4 |     1 |   650 |   191 ||  1081
       Kick              |    19 |    14 |       |       |       |       ||    33
       Punch             |     2 |     2 |     1 |       |    24 |     5 ||    34
       Hunting sling     |       |       |     1 |     9 |       |       ||    10
 Fire: Hunting sling     |    27 |    95 |   450 |   958 |  1152 |    11 ||  2693
Throw: Javelin           |     3 |    13 |       |       |       |       ||    16
       Stone             |       |    25 |       |       |       |       ||    25
 Cast: Beastly Appendage |    18 |    17 |       |       |       |       ||    35
       Sticks to Snakes  |       |     1 |       |     1 |    57 |    24 ||    83
       Blade Hands       |       |       |       |       |    99 |    31 ||   130
       Regeneration      |       |       |       |       |    13 |     3 ||    16
       Blink             |       |       |       |       |     4 |     1 ||     5
       Animate Dead      |       |       |       |       |     2 |       ||     2
Invok: Ancestor Identity |       |     1 |       |       |       |       ||     1
       Ancestor Life: He |       |       |     1 |       |       |       ||     1
       Recall Ancestor   |       |       |       |     5 |     6 |     1 ||    12
       Idealise          |       |       |       |       |     1 |     1 ||     2
       Transference      |       |       |       |       |       |     1 ||     1
Evoke: Wand              |       |       |       |     5 |       |     1 ||     6
       Phial of floods   |       |       |       |       |       |     1 ||     1
  Use: Scroll            |       |       |       |    19 |    14 |     1 ||    34
       Potion            |       |       |       |       |     2 |     4 ||     6
 Stab: Distracted        |       |       |     1 |       |     3 |     2 ||     6
       Sleeping          |       |       |       |     1 |    25 |    11 ||    37
       Confused          |       |       |       |       |     5 |     1 ||     6
       Paralysed         |       |       |       |       |    10 |     2 ||    12
  Eat: Chunk             |     6 |     8 |    16 |    25 |    80 |     7 ||   142
       Ration            |       |     1 |       |     4 |     5 |     4 ||    14
Armor: Robe              |    21 |    20 |       |       |       |       ||    41
       Ring mail         |       |     8 |    22 |       |       |       ||    30
       Chain mail        |       |       |   123 |   352 |   304 |       ||   779
       Leather armour    |       |       |       |       |   235 |     8 ||   243
       Scale mail        |       |       |       |       |       |    59 ||    59
Dodge: Dodged            |    82 |    90 |    97 |   185 |   956 |   122 ||  1532
Block: Buckler           |       |       |    10 |   197 |   294 |     6 ||   507

Table legend:
 A = Non-vault XP
 B = Vault XP
 C = Vault XP percentage of total XP
 D = Non-vault monster count
 E = Vault monster count
 F = Vault count percentage of total count
                 A         B        C        D         E       F
            +---------+---------+-------+---------+---------+-------
      Total |  133870 |   56158 |  29.6 |     703 |     359 |  33.8
            +---------+---------+-------+---------+---------+-------
        D:1 |      69 |       4 |   5.5 |      23 |       2 |   8.0
        D:2 |      63 |       4 |   6.0 |      24 |       2 |   7.7
        D:3 |      88 |     248 |  73.8 |      22 |      10 |  31.2
        D:4 |     433 |      30 |   6.5 |      28 |       4 |  12.5
        D:5 |      54 |       0 |   0.0 |       4 |       0 |   0.0
        D:6 |    1170 |       0 |   0.0 |      36 |       0 |   0.0
        D:7 |    1143 |      47 |   3.9 |      21 |       2 |   8.7
        D:8 |    1676 |     628 |  27.3 |      33 |       3 |   8.3
        D:9 |    2291 |       0 |   0.0 |      38 |       0 |   0.0
       D:10 |    1906 |     825 |  30.2 |      14 |      21 |  60.0
       D:11 |    2907 |    3881 |  57.2 |      41 |      35 |  46.1
       D:12 |    7924 |       0 |   0.0 |      40 |       0 |   0.0
       D:13 |    5944 |       0 |   0.0 |      31 |       0 |   0.0
       D:14 |   11796 |    4902 |  29.4 |      42 |      15 |  26.3
       D:15 |    4512 |    5346 |  54.2 |      26 |      13 |  33.3
     Lair:1 |    3095 |       0 |   0.0 |      18 |       0 |   0.0
     Lair:2 |    4103 |     770 |  15.8 |      16 |       6 |  27.3
     Lair:3 |    6686 |    2541 |  27.5 |      31 |       2 |   6.1
     Lair:4 |    3736 |       0 |   0.0 |      17 |       0 |   0.0
     Lair:5 |    4360 |       0 |   0.0 |      19 |       0 |   0.0
     Lair:6 |    6045 |   12523 |  67.4 |      17 |      69 |  80.2
    Snake:1 |   15405 |     222 |   1.4 |      31 |       1 |   3.1
    Snake:2 |   17805 |    5400 |  23.3 |      39 |      11 |  22.0
    Snake:3 |   15673 |       0 |   0.0 |      29 |       0 |   0.0
    Snake:4 |   11094 |    4690 |  29.7 |      18 |      13 |  41.9
      Orc:1 |    3097 |    3455 |  52.7 |      27 |      24 |  47.1
      Orc:2 |     795 |    5428 |  87.2 |      18 |      49 |  73.1
      Sewer |       0 |     386 | 100.0 |       0 |      56 | 100.0
      IceCv |       0 |    4828 | 100.0 |       0 |      21 | 100.0
            +---------+---------+-------+---------+---------+-------
